 Dungeon Crawl Stone Soup version 0.27.1-3-gb3d3a73c9e (webtiles) character file.

Game seed: 13178891579389045988

96 khargal the Skirmisher (level 4, -5/37 HPs)
             Began as a Demonspawn Monk on Oct 19, 2021.
             Killed by divine providence
             ... invoked by an orc priest
              (9 damage)
             ... on level 3 of the Dungeon.
             The game lasted 00:03:14 (2195 turns).

khargal the Skirmisher (Demonspawn Monk)            Turns: 2195, Time: 00:03:15

Health: -5/37      AC: 13    Str: 12    XL:     4   Next: 41%
Magic:  4/4        EV:  3    Int: 11    God:
Gold:   112        SH:  0    Dex: 16    Spells: 3/3 levels left

rFire    . . .     SeeInvis .   d - +0 short sword (flame)
rCold    + . .     Faith    .   (no shield)
rNeg     . . .     Spirit   .   h - +2 plate armour {rC+}
rPois    .         Reflect  .   (no helmet)
rElec    .         Harm     .   (no cloak)
rCorr    .         Rampage  .   (no gloves)
Will     .....                  (no boots)
Stlth    ..........             (no amulet)
HPRegen  0.12/turn              (no ring)
MPRegen  0.09/turn              (no ring)

@: no status effects
A: spiny 1, sharp scales 1
a: no special abilities


You were on level 3 of the Dungeon.
You visited 1 branch of the dungeon, and saw 3 of its levels.

You collected 112 gold pieces.

Inventory:

Hand Weapons
 a - a +0 spear
 d - a +0 short sword of flaming (weapon)
 i - a +0 mace of venom
Armour
 b - a +0 robe
 f - a +0 ring mail
 h - a +2 plate armour of cold resistance (worn)
Jewellery
 e - a +4 ring of evasion
Potions
 c - a potion of curing
 g - 2 potions of lignification
 j - a potion of haste {unknown}


   Skills:
 + Level 3.8 Fighting
 + Level 1.0 Short Blades
 + Level 3.1 Polearms
 + Level 3.1 Dodging
 + Level 2.6 Stealth


You had 3 spell levels left.
You didn't know any spells.
Your spell library was empty.

Dungeon Overview and Level Annotations

Branches:
Dungeon (3/15)

Altars:
Beogh


Innate Abilities, Weirdness & Mutations

You are partially covered in sharp spines.
You are partially covered in razor-sharp scales. (AC +1, Slay +1)


Message History

You kill the orc!
You closely miss the orc priest.
The orc priest hits you with a +0 hand axe.
The orc priest hits you but does no damage.
You closely miss the orc priest.
The orc priest is struck by your spines.
The orc priest hits you but does no damage.
The orc priest mumbles some strange prayers to Beogh against you.
Beogh smites you!
You closely miss the orc priest.
The orc priest is moderately wounded.
The orc priest is struck by your spines.
The orc priest hits you with a +0 hand axe.
The orc priest hits you but does no damage.
You closely miss the orc priest.
The orc priest is heavily wounded.
The orc priest is struck by your spines.
The orc priest hits you with a +0 hand axe.
The orc priest calls upon Beogh to heal the orc priest.
The orc priest is healed somewhat.
You are too injured to fight recklessly!
You are too injured to fight recklessly!
You are too injured to fight recklessly!
You are too injured to fight recklessly!
You are too injured to fight recklessly!
You are too injured to fight recklessly!
You are too injured to fight recklessly!
You are too injured to fight recklessly!
You are too injured to fight recklessly!
You are too injured to fight recklessly!
You are too injured to fight recklessly!
You hit the orc priest but do no damage.
The orc priest mumbles some strange prayers to Beogh against you.
Beogh smites you!
* * * LOW HITPOINT WARNING * * *
The orc priest hits you but does no damage.
You closely miss the orc priest.
The orc priest invokes the aid of Beogh against you.
Beogh smites you!
You die...

#### ##$$$#
#+#
#$8.8)###.#
#_$..o@.#.#
#.8.8o#...#
##$$$####.#
#####..#.#
##.#.# #...#
##..#
#..#####.#
######>......#


You could see 2 orc priests.

Vanquished Creatures
  4 adders (D:2)
  2 dart slugs
  An orc (D:3)
  3 endoplasms
  3 giant cockroaches
  6 goblins
  2 hobgoblins (D:1)
  4 jackals (D:1)
  3 quokkas
  7 ball pythons
  4 bats
  2 frilled lizards
  6 kobolds
  6 rats
53 creatures vanquished.

Notes
Turn   | Place    | Note
-------+----------+-------------------------------------------
     0 | D:1      | khargal the Demonspawn Monk began the quest for the Orb.
     0 | D:1      | Reached XP level 1. HP: 18/18 MP: 1/1
   381 | D:1      | Gained mutation: You are partially covered in sharp spines.
                  | [demonic ancestry]
   381 | D:1      | Reached XP level 2. HP: 24/24 MP: 2/2
   642 | D:1      | Gained mutation: You are partially covered in razor-sharp
                  | scales. (AC +1, Slay +1) [demonic ancestry]
   642 | D:1      | Reached XP level 3. HP: 14/29 MP: 3/3
   650 | D:1      | HP: 1/29 [poisoned by a goblin]
  1460 | D:2      | Found a faded altar of an unknown god.
  1634 | D:2      | Reached XP level 4. HP: 37/37 MP: 4/4
  1655 | D:2      | You fall into a shaft and drop 1 floor!
  1764 | D:2      | Reached skill level 1 in Short Blades
  2034 | D:2      | Identified a scroll of acquirement
  2034 | D:2      | Acquired a +2 plate armour of cold resistance
  2195 | D:3      | Killed from afar by an orc priest

Illustrated notes

Levels and vault maps discovered:
D:1:      shiori_arrival_maze, layout_loops_ring, nrook_mini_backslash
D:2:      layout_basic, hellmonk_ecumenical_altar_crossroads, moated_statue,
          minmay_statues_item
D:3:      layout_basic, lemuel_zombie_altar_yredelemnul, serial_glass,
          glass_columns_a, glass_columns_a, glass_columns_b, glass_columns_a,
          glass_columns_a, glass_columns_a, kennysheep_orc_chapel,
          uniq_crazy_yiuf_cottage, uniq_robin

Skill      XL: |  1  2  3  4 |
---------------+-------------+-----
Stealth        | 2 |  2.6
Polearms       | 3 |  3.1
Dodging        | 3 |  3.1
Short Blades   | 1 |  1.0
Fighting       | |  3.8

Action                   |  1- 3 |  4- 6 || total
-------------------------+-------+-------++-------
Melee: Spear             |    21 |       ||    21
       Short sword       |    80 |    19 ||    99
  Use: Scroll            |     1 |     3 ||     4
 Stab: Sleeping          |     6 |     1 ||     7
Armor: Robe              |    11 |     2 ||    13
       Plate armour      |       |     7 ||     7
Dodge: Dodged            |    63 |     6 ||    69
